 Dungeon Crawl Stone Soup version 0.29-a0-813-g4a14ea37d6 (webtiles) character file.

Game seed: 9936839739704095291

172 gobodom the Grave Robber (level 5, -14/36 HPs)
             Began as a Mummy Necromancer on July 5, 2022.
             Demolished by an orc
             ... wielding a +0 flail of holy wrath
              (16 damage)
             ... on level 3 of the Dungeon.
             The game lasted 00:08:27 (3345 turns).

gobodom the Grave Robber (Mummy Necromancer)        Turns: 3345, Time: 00:08:30

Health: -14/36     AC: 10    Str: 12    XL:     5   Next: 27%
Magic:  10/10      EV: 12    Int: 16    God:
Gold:   174        SH:  5    Dex: 12    Spells: 7/11 levels left

rFire   . . .      SeeInvis .   j - +0 dagger (protect)
rCold   . . .      Faith    .   (no shield)
rNeg    + + +      Spirit   .   a - +0 robe
rPois   ∞          Reflect  +   (no helmet)
rElec   .          Harm     .   (no cloak)
rCorr   +          Rampage  .   e - +0 pair of gloves
Will    .....                   (no boots)
Stlth   ++........              g - amulet of reflection
HPRegen 0.12/turn               m - ring of resist corrosion
MPRegen 0.12/turn               h - ring of fire

@: under a protective aura
A: cold resistance 1, negative energy resistance 3, torment resistance 2, heat
vulnerability 1, in touch with death 1, no potions
a: no special abilities


You were on level 3 of the Dungeon.
You visited 1 branch of the dungeon, and saw 3 of its levels.

You collected 174 gold pieces.

Inventory:

Hand Weapons
 j - a +0 dagger of protection (weapon)
Missiles
 d - 2 curare-tipped darts
Armour
 a - a +0 robe (worn)
 e - a +0 pair of gloves (worn)
 k - a +0 ring mail of cold resistance
Jewellery
 g - an amulet of reflection (around neck)
 h - a ring of fire (right hand)
 m - a ring of resist corrosion (left hand)
Scrolls
 b - a scroll of silence {unknown}
 c - a scroll of fear
 f - a scroll of blinking {unknown}
 i - 3 scrolls of teleportation {unknown}
 l - a scroll of noise {unknown}
 n - a scroll of torment {unknown}
 o - a scroll of enchant armour {unknown}


   Skills:
 + Level 0.4 Fighting
 + Level 1.1 Short Blades
 + Level 1.8 Dodging
 + Level 2.2 Stealth
 + Level 3.9 Spellcasting
 + Level 5.3 Necromancy


You had 7 spell levels left.
You knew the following spells:

 Your Spells              Type           Power      Damage    Failure   Level
a - Necrotise             Necr           100%       1d9       1%          1
b - Vampiric Draining     Necr           30%        2d8       5%          3

Your spell library contained the following spells:

 Spells                   Type           Power      Damage    Failure   Level
 Animate Dead             Necr           30%        N/A       19%         4
 Agony                    Necr           30%        N/A       45%         5


Dungeon Overview and Level Annotations

Branches:
Dungeon (3/15)

Altars:
Dithmenos
Kikubaaqudgha
Ru
Xom

Shops:
D:2 :


Innate Abilities, Weirdness & Mutations

You are immune to poison.
Your flesh is cold resistant. (rC+)
You are immune to negative energy. (rN+++)
You are immune to unholy pain and torment.
You are vulnerable to heat. (rF-)
You are in touch with the powers of death.
You do not drink.


Message History

You block the dart slug's attack.
You hit the dart slug.
The dart slug is almost dead.
You block the dart slug's attack.
You hit the dart slug but do no damage.
The dart slug is almost dead.
You feel a surge of power!
The dart slug writhes in agony.
The dart slug launches a dart at you. The slug dart misses you.
You hit the dart slug but do no damage.
The dart slug is almost dead.
The dart slug closely misses you.
You hit the dart slug but do no damage.
The dart slug is almost dead.
You hit the dart slug.
The dart slug is almost dead.
The dart slug bites you but does no damage.
Your kobold skeleton hits the orc.
You hit the dart slug.
You kill the dart slug!
The orc completely misses you.
You closely miss the orc.
The orc is lightly wounded.
The orc drinks a potion.
The orc goes berserk!
Your kobold skeleton hits the orc.
You barely miss the orc.
The orc is moderately wounded.
The orc hits you with a +0 flail of holy wrath!
You convulse!
Your kobold skeleton hits the orc.
The orc barely misses your kobold skeleton.
You barely miss the orc.
The orc is moderately wounded.
The orc closely misses you.
You hit the orc.
The orc is heavily wounded.
The orc barely misses you.
Your kobold skeleton hits the orc.
The orc hits you with a +0 flail of holy wrath!
* * * LOW HITPOINT WARNING * * *
You convulse!
You die...

.# ...## .. ..#.## ##..
#.... ...## ..#.##.
##..# #..##. .##.# .##.
# #...)##....##....## .
#. ## #@o##. ..## #..##.
#..#.##Z.#.##..#.##..#.#
#....##....##....##...
#.##..#.##.!#.##..#.##
#..##.#..##.#..##.#..##
##....##....##....##...
...##.#..##.#..# #..##.
.. ....#.##..#.##..#
#..#.# #.. #..
#........###.# #.###


You could see an orc (berserk, ally target) and a friendly kobold skeleton.

Vanquished Creatures
  An orc wizard (D:3)
  2 gnolls (D:2)
  4 adders
  A worm (D:3)
  2 dart slugs
  5 orcs (D:3)
  2 ball pythons
  6 endoplasms
  2 giant cockroaches (D:1)
  6 goblins
  8 hobgoblins
  2 jackals (D:2)
  2 kobolds
  2 quokkas (D:3)
  3 bats
  2 frilled lizards (D:1)
  2 rats
52 creatures vanquished.

Vanquished Creatures (collateral kills)
  2 gnolls (D:2)
  An endoplasm (D:2)
  2 kobolds (D:1)
5 creatures vanquished.

Grand Total: 57 creatures vanquished

Notes
Turn   | Place    | Note
-------+----------+-------------------------------------------
     0 | D:1      | gobodom the Mummy Necromancer began the quest for the Orb.
     0 | D:1      | Reached XP level 1. HP: 13/13 MP: 4/4
   605 | D:1      | Reached XP level 2. HP: 19/19 MP: 3/5
  1532 | D:1      | Gained mutation: You are in touch with the powers of death.
                  | [Mummy growth]
  1532 | D:1      | Reached XP level 3. HP: 24/24 MP: 4/7
  1600 | D:1      | Found a faded altar of an unknown god.
  1958 | D:2      | Found Ehiezais's Book Shoppe.
  2050 | D:2      | Reached XP level 4. HP: 6/31 MP: 2/8
  2309 | D:2      | Reached skill level 1 in Short Blades
  2828 | D:3      | Learned a level 3 spell: Vampiric Draining
  2863 | D:3      | Reached skill level 5 in Necromancy
  2868 | D:3      | Reached XP level 5. HP: 24/36 MP: 1/10
  3024 | D:3      | Found an ancient bone altar of Kikubaaqudgha.
  3028 | D:3      | Found a shadowy altar of Dithmenos.
  3080 | D:3      | Found a shimmering altar of Xom.
  3168 | D:3      | Found a sacrificial altar of Ru.
  3345 | D:3      | Demolished by an orc

Illustrated notes

Levels and vault maps discovered:
D:1:      lightli_arrival_windingriver, layout_loops_ring,
          hellmonk_ecumenical_altar_prayer_group
D:2:      layout_basic, serial_shops, nicolae_shop_hallway_plus,
          lemuel_old_faithful
D:3:      layout_rooms, mainiacjoe_overflow_paths, xom_teletrap_fun,
          kiku_gazebo_pond_becter, nicolae_dithmenos_the_darkroom,
          nicolae_eternal_life

Skill      XL: |  1  2  3  4 |
---------------+-------------+-----
Spellcasting   | 3 |  3.9
Stealth        | 2 |  2.2
Short Blades   | 1 |  1.1
Necromancy     | 5 |  5.3
Fighting       | |  0.4
Dodging        | |  1.8

Action                   |  1- 3 |  4- 6 || total
-------------------------+-------+-------++-------
Melee: Dagger            |    73 |    16 ||    89
       Unarmed           |     6 |       ||     6
       Punch             |     1 |       ||     1
 Cast: Necrotise         |    36 |    44 ||    80
       Vampiric Draining |       |     1 ||     1
  Use: Scroll            |     1 |       ||     1
 Stab: Sleeping          |     1 |     1 ||     2
Armor: Robe              |    23 |     2 ||    25
Dodge: Dodged            |    45 |     6 ||    51
Block: Other             |     7 |     3 ||    10

Table legend: (Time is in decaauts)
 A = Elapsed time spent in this place.
 B = Non-inter-level travel time spent in this place.
 C = Inter-level travel time spent in this place.
 D = Time resting spent in this place.
 E = Time spent auto-exploring this place.
 F = Levels seen in this place.
 G = Mean time per level.
                   A        B        C        D        E       F      G
               +--------+--------+--------+--------+--------+-----+--------+
         Total |   3343 |   3263 |     80 |     34 |   2674 |   3 | 1114.3 |
       Dungeon |   3343 |   3263 |     80 |     34 |   2674 |   3 | 1114.3 |
               +--------+--------+--------+--------+--------+-----+--------+

Top non-repeatable levels by time:
     D:1: 1768 daAuts
     D:2: 998 daAuts
     D:3: 576 daAuts
